 Dungeon Sprint DCSS version 0.30-a0-632-g346586fe48 (webtiles) character file.

Game seed: 985343144940205727

3934 Darkkill the Spear-Bearer (level 10, -4/69 HPs)
             Began as a Minotaur Wanderer on Jan 13, 2023.
             Was an Initiate of Gozag.
             Slain by a sun demon (18 damage)
             ... in the Dungeon (Sprint VII: "The Pits").
             The game lasted 00:04:57 (892 turns).

Darkkill the Spear-Bearer (Minotaur Wanderer)        Turns: 892, Time: 00:04:58

Health: -4/69      AC: 19    Str: 21    XL:     10   Next: 1%
Magic:  20/20      EV: 10    Int: 11    God:    Gozag
Gold:   355        SH:  0    Dex: 11    Spells: 23/24 levels left

rFire   . . .      SeeInvis .    j - +2 quarterstaff (spect)
rCold   . . .      Faith    .    (shield currently unavailable)
rNeg    . . .      Spirit   .    m - +2 plate armour
rPois   .          Reflect  .    (helmet restricted)
rElec   .          Harm     .    (no cloak)
rCorr   .          Rampage  .    (no gloves)
Will    .....      NoTele   +    r - +0 pair of boots Stlth
                                 (no amulet)
HPRegen 0.31/turn                p - +3 ring of intelligence
MPRegen 0.17/turn                o - +3 ring of evasion

@: hasted, very quick
A: horns 2, retaliatory headbutt
a: Renounce Religion, Potion Petition, Call Merchant, Bribe Branch


You were in the Dungeon.
You worshipped Gozag.
Gozag was aware of your devotion.
You visited 1 branch You collected 2628 gold pieces.
You paid 2273 gold pieces to Gozag.

Inventory:

Hand Weapons
 j - a +2 spectral quarterstaff (weapon)
Missiles
 b - 10 stones
 n - 6 poisoned darts
 s - a curare-tipped dart {=f !f}
Armour
 m - a +2 plate armour (worn)
 r - a +0 pair of boots (worn)
 t - a +2 cloak
Jewellery
 o - a +3 ring of evasion (right hand)
 p - a +3 ring of intelligence (left hand)
Scrolls
 k - 5 scrolls of amnesia
 l - a scroll of butterflies
Potions
 a - 2 potions of invisibility
 c - 4 potions of curing {@q1}
 f - a potion of haste
 g - 4 potions of magic
 h - 4 potions of berserk rage
 q - a potion of brilliance


   Skills:
 + Level 13.4 Polearms
 + Level 12.6 Armour
 + Level 12.8 Shields
 + Level 7.5 Spellcasting
 + Level 9.1 Earth Magic


You had 23 spell levels left.
You knew the following spells:

 Your Spells              Type           Power      Damage    Failure   Level
a - Sandblast             Erth           48%        2d12      4%          1

Your spell library contained the following spells:

 Spells                   Type           Power      Damage    Failure   Level
 Animate Armour           Summ/Erth      28%        N/A       97%         4
 Petrify                  Tmut/Erth      14%        N/A       97%         4


Dungeon Overview and Level Annotations

Branches:
Dungeon (1/1)

Altars:
Ashenzari
Cheibriados
Dithmenos
Elyvilon
Fedhas
Gozag
Hepliaklqana
Kikubaaqudgha
Makhleb
Nemelex Xobeh
Okawaru
Qazlal
Ru
Sif Muna
Trog
Uskayaw
Vehumet
Wu Jian
Xom
Yredelemnul
Zin
The Shining One
Jiyva
Lugonu

Shops:
D [((


Innate Abilities, Weirdness & Mutations

You have a pair of horns on your head.
You reflexively headbutt those who attack you in melee.


Message History

The grasping roots constrict the dream sheep!
The grasping roots constrict the polar bear!
The roots release their grip on the dream sheep.
The roots release their grip on the polar bear.
The demonic crawler hits you!!!
You wake up.
Ouch! That really hurt!
* * * LOW HITPOINT WARNING * * *
The demonic crawler hits you but does no damage.
The demonic crawler hits you.
* * * LOW HITPOINT WARNING * * *
The grasping roots constrict the dream sheep!
You kill the dream sheep!
You have reached level 10!
You feel much better.
The demonic crawler hits you but does no damage.
The demonic crawler completely misses you.
The demonic crawler misses you. The demonic crawler hits you!
* * * LOW HITPOINT WARNING * * *
The demonic crawler hits you.
* * * LOW HITPOINT WARNING * * *
The demonic crawler hits you but does no damage.
You feel yourself speed up.
The demonic crawler hits you but does no damage. x2
The demonic crawler hits you.
* * * LOW HITPOINT WARNING * * *
Blink to where?
Press: ? - help, Q - select action, (/) - cycle Dir - move target
As you read the scroll of blinking, it crumbles to dust.
Aiming: Polymorph
Press: ? - help, Q - select action, (/) - cycle Shift-Dir - straight line, f - demonic crawler
Aim: a demonic crawler (translocational energy, will become a hell hog, a sun demon, or an apocalypse crab, chance to affect: 17%)
The demonic crawler resists with almost no effort.
Unknown command.
There is an open gate here.
Aiming: Polymorph
Press: ? - help, Q - select action, (/) - cycle Shift-Dir - straight line, f/p - demonic crawler
Aim: a demonic crawler (will become a hell hog, a sun demon, or an apocalypse crab, chance to affect: 17%)
The demonic crawler resists with almost no effort.
Aiming: Polymorph
Press: ? - help, Q - select action, (/) - cycle Shift-Dir - straight line, f/p - demonic crawler
Aim: a demonic crawler (will become a hell hog, a sun demon, or an apocalypse crab, chance to affect: 17%)
The demonic crawler resists with almost no effort.
Aiming: Polymorph
Press: ? - help, Q - select action, (/) - cycle Shift-Dir - straight line, f/p - demonic crawler
Aim: a demonic crawler (will become a hell hog, a sun demon, or an apocalypse crab, chance to affect: 17%)
The demonic crawler resists with almost no effort.
The demonic crawler is distracted by your dazzling golden aura.
Aiming: Polymorph
Press: ? - help, Q - select action, (/) - cycle Shift-Dir - straight line, f/p - demonic crawler
Aim: a demonic crawler (unaware, hasn't noticed you, will become a hell hog, a sun demon, or an apocalypse crab, chance to affect: 17%)
The demonic crawler is no longer distracted by gold.
The demonic crawler gives a hideous shriek!
The demonic crawler resists with almost no effort.
Aiming: Polymorph
Press: ? - help, Q - select action, (/) - cycle Shift-Dir - straight line, f/p - demonic crawler
Aim: a demonic crawler (will become a hell hog, a sun demon, or an apocalypse crab, chance to affect: 17%)
The demonic crawler evaporates and reforms as a sun demon!
Aiming: Polymorph
Press: ? - help, Q - select action, (/) - cycle Shift-Dir - straight line, f/p - sun demon
Aim: a sun demon (will become a ynoxinul, a red devil, or a smoke demon, chance to affect: 7%)
The sun demon resists with almost no effort.
The now-empty wand crumbles to dust.
Aiming: Fastroot
Press: ? - help, Q - select action, (/) - cycle Shift-Dir - straight line, f/p - sun demon
Aim: a sun demon The roots erupt in riotous growth!
Roots grab the sun demon.
The now-empty wand crumbles to dust.
The grasping roots constrict the sun demon.
The sun demon struggles to escape constriction.
You feel better.
The grasping roots constrict the sun demon.
The sun demon escapes!
You feel better.
You feel better.
You hit the sun demon but do no damage. Your headbutt misses the sun demon.
The sun demon is lightly wounded.
Your +2 spectral quarterstaff hits the sun demon but does no damage.
The sun demon hits you!
You are engulfed in flames!
* * * LOW HITPOINT WARNING * * *
You barely miss the sun demon. Your headbutt misses the sun demon.
The sun demon is lightly wounded.
Your +2 spectral quarterstaff hits the sun demon.
The dream sheep shake their wool and sparkle.
You feel drowsy...
You fall asleep.
The polar bear barely misses your +2 spectral quarterstaff. x2
The polar bear claws your +2 spectral quarterstaff.
Your spectral weapon shares its damage with you!
You wake up.
* * * LOW HITPOINT WARNING * * *
The sun demon barely misses you.
Unknown command.
Unknown command.
Unknown command.
You hit the sun demon. Your headbutt misses the sun demon.
The sun demon is moderately wounded.
Your +2 spectral quarterstaff misses the sun demon.
The sun demon hits you!!
You die...
Your body crumbles into a pile of gold.

##))##.......##''################
.#))##.......##..#...Y..YhH.....#
.#..##.......##..##ThY..YYY....H.
##'###...<...##..#### #h#
....##.......##..#..#####.##
....##.......##..#....##.§.#
######.......##..')....#...#
.#..###########..(...h.Y.∩.+
.#)############.@3hY.Y.#.).#
.#.#....#..[[##..#....##...#
.#'#....#.![.##..#..#####.##
.#.'....'..))##..####...#'######.
.#)#....#..))##..##.....)........
.'.#....#..))##..#..............#
#################################


You could see a sun demon, a polar bear, a black bear, 3 dream sheep and a
friendly +2 spectral quarterstaff (summoned).

Vanquished Creatures
  A deep elf zephyrmancer (D)
  Maurice (D)
  7 dream sheep (D)
  A fire bat (D)
  2 redbacks (D)
  A floating eye (D)
  A black bear (D)
  An ogre (D)
  8 wolves (D)
  2 centaurs (D)
  A phantom (D)
  2 kobold brigands (D)
  A scorpion (D)
  3 quasits (D)
  Ijyb (D)
  A gnoll (D)
  A river rat (D)
  An orc (D)
  An endoplasm (D)
  3 goblins (D)
  2 hobgoblins (D)
  A jackal (D)
  A rat (D)
44 creatures vanquished.

Notes
Turn   | Place    | Note
-------+----------+-------------------------------------------
     0 | D        | Darkkill the Minotaur Wanderer began the quest for the Orb.
     0 | D        | Darkkill set off with the following items: a +0 spear, a +0
                  | buckler, 2 potions of curing {@q1}, a +0 leather armour, a
                  | potion of heal wounds, a potion of haste, 2 potions of
                  | magic, a potion of berserk rage, a scroll of blinking; and
                  | the following spell memorised: Sandblast; and the following
                  | spells available to memorise: Animate Armour, Petrify.
     0 | D        | Reached XP level 1. HP: 14/14 MP: 1/1
    14 | D        | Reached skill level 5 in Polearms
    50 | D        | Found a bloodstained altar of Trog.
    50 | D        | Found a shimmering blue altar of Sif Muna.
    50 | D        | Found a viscous altar of Jiyva.
    50 | D        | Found a hazy altar of Hepliaklqana.
    50 | D        | Found an opulent altar of Gozag.
    51 | D        | Found a glowing golden altar of the Shining One.
    51 | D        | Found a glowing silver altar of Zin.
    51 | D        | Found a basalt altar of Yredelemnul.
    51 | D        | Found a shimmering altar of Xom.
    51 | D        | Found an ornate altar of the Wu Jian Council.
    51 | D        | Found a sacrificial altar of Ru.
    51 | D        | Found a stormy altar of Qazlal.
    51 | D        | Found an iron altar of Okawaru.
    51 | D        | Found a sparkling altar of Nemelex Xobeh.
    51 | D        | Found a burning altar of Makhleb.
    51 | D        | Found a blossoming altar of Fedhas.
    51 | D        | Found a white marble altar of Elyvilon.
    51 | D        | Found a shadowy altar of Dithmenos.
    51 | D        | Found a snail-covered altar of Cheibriados.
    53 | D        | Found a radiant altar of Vehumet.
    53 | D        | Found a corrupted altar of Lugonu.
    56 | D        | Found a broken altar of Ashenzari.
    56 | D        | Found an ancient bone altar of Kikubaaqudgha.
    56 | D        | Found a hide-covered altar of Uskayaw.
    58 | D        | Became a worshipper of Gozag Ym Sagoz the Greedy
    72 | D        | Noticed a floating eye
    75 | D        | Paralysed by a floating eye for 4 turns
    81 | D        | Killed a floating eye
    82 | D        | Reached skill level 6 in Polearms
    82 | D        | Reached skill level 5 in Shields
    82 | D        | Reached XP level 2. HP: 20/20 MP: 1/4
    82 | D        | Reached XP level 3. HP: 26/26 MP: 1/6
    82 | D        | Reached XP level 4. HP: 33/33 MP: 1/7
   143 | D        | Noticed a scorpion
   144 | D        | Killed a scorpion
   145 | D        | Reached skill level 7 in Polearms
   145 | D        | Reached skill level 5 in Armour
   145 | D        | Reached XP level 5. HP: 38/38 MP: 8/8
   158 | D        | Noticed a phantom
   164 | D        | Killed a phantom
   165 | D        | Reached skill level 8 in Polearms
   235 | D        | Noticed an ogre
   235 | D        | Noticed Ijyb
   249 | D        | Killed Ijyb
   249 | D        | Noticed a fire bat
   249 | D        | Noticed a centaur
   255 | D        | Killed an ogre
   256 | D        | Reached skill level 5 in Earth Magic
   256 | D        | Reached XP level 6. HP: 28/45 MP: 9/11
   272 | D        | Reached skill level 9 in Polearms
   273 | D        | Killed a fire bat
   274 | D        | Reached XP level 7. HP: 50/50 MP: 11/13
   311 | D        | Noticed a deep elf zephyrmancer
   315 | D        | Killed a deep elf zephyrmancer
   316 | D        | Reached skill level 10 in Polearms
   316 | D        | Reached skill level 5 in Spellcasting
   316 | D        | Reached XP level 8. HP: 31/57 MP: 13/15
   516 | D        | Reached skill level 10 in Shields
   558 | D        | Reached skill level 11 in Polearms
   561 | D        | Reached skill level 10 in Armour
   713 | D        | Noticed a dream sheep
   713 | D        | Noticed a dream sheep
   715 | D        | Noticed a dream sheep
   717 | D        | Noticed a dream sheep
   724 | D        | Killed a dream sheep
   725 | D        | Noticed a dream sheep
   727 | D        | Reached XP level 9. HP: 51/62 MP: 17/17
   729 | D        | Reached skill level 12 in Polearms
   732 | D        | Noticed Maurice
   770 | D        | Killed Maurice
   771 | D        | Reached skill level 13 in Polearms
   863 | D        | Noticed a troll
   863 | D        | Noticed a manticore
   863 | D        | Noticed a polar bear
   863 | D        | Noticed a demonic crawler
   871 | D        | HP: 10/62 [demonic crawler (36)]
   873 | D        | Reached XP level 10. HP: 8/69 MP: 20/20
   883 | D        | a demonic crawler changed into a sun demon
   883 | D        | Noticed a sun demon
   892 | D        | Slain by a sun demon

Illustrated notes

Levels and vault maps discovered:
D:        pitsprint [storerooms_1, entrance_room_1, metal_vault_1, armoury_2,
          mini_pit_1, grid_room_1, main_hall_1, silver_pit, the_coven_3,
          the_vestibule_1, steel_vault_2, golden_pit, hallway_of_sentries,
          crystal_vault_5, iron_vault_5, final_vault]

Skill      XL: |  1  2  3  4  5  6  7  8  9 |
---------------+----------------------------+-----
Polearms       | 6 7 8 9 10 11 13 | 13.4
Armour         | 4 5 7 8 9 11 12 | 12.6
Shields        | 5 6 7 8 9 11 12 | 12.8
Spellcasting   | 2 3 4 5 6 7 |  7.5
Earth Magic    | 3 4 5 6 7 9 |  9.1

Action                   |  1- 3 |  4- 6 |  7- 9 | 10-12 || total
-------------------------+-------+-------+-------+-------++-------
Melee: Quarterstaff      |     3 |    35 |    92 |     3 ||   133
       Headbutt          |     2 |     5 |    14 |       ||    21
       Spear             |     1 |       |       |       ||     1
Invok: Call Merchant     |       |       |     3 |       ||     3
Evoke: Wand              |       |       |     2 |     8 ||    10
  Use: Potion            |       |     2 |     8 |     5 ||    15
       Scroll            |       |       |       |     1 ||     1
 Stab: Distracted        |       |     1 |     1 |       ||     2
Armor: Plate armour      |       |    11 |    91 |     4 ||   106
       Leather armour    |       |     1 |       |       ||     1
Dodge: Dodged            |       |    19 |    50 |     3 ||    72
Block: Buckler           |     1 |       |       |       ||     1

Table legend: (Time is in decaauts)
 A = Elapsed time spent in this place.
 B = Non-inter-level travel time spent in this place.
 C = Inter-level travel time spent in this place.
 D = Time resting spent in this place.
 E = Time spent auto-exploring this place.
 F = Levels seen in this place.
 G = Mean time per level.
                   A        B        C        D        E       F      G
               +--------+--------+--------+--------+--------+-----+--------+
         Total |    879 |    804 |     75 |    313 |      0 |   1 |  879.0 |
       Dungeon |    879 |    804 |     75 |    313 |      0 |   1 |  879.0 |
               +--------+--------+--------+--------+--------+-----+--------+

Top non-repeatable levels by time:
       D: 879 daAuts

Table legend:
 A = Kills in this place as a percentage of kills in entire the game.
 B = Kills by you in this place as a percentage of kills by you in the entire game.
 C = Kills by friends in this place as a percentage of kills by friends in the entire game.
 D = Other kills in this place as a percentage of other kills in the entire game.
 E = Experience gained in this place as a percentage of experience gained in the entire game.
 F = Experience gained in this place divided by the number of levels of this place that you have seen.
                   A       B       C       D       E      F
               +-------+-------+-------+-------+-------+----------------------
         Total | 100.0 | 100.0 |   N/A |   N/A | 100.0 | 5621.0
       Dungeon | 100.0 | 100.0 |   N/A |   N/A | 100.0 | 5621.0
               +-------+-------+-------+-------+-------+----------------------
